 Dungeon Crawl Stone Soup version 0.24-a0-373-g39439d866b (webtiles) character file.

Game seed: 12436229713373056877

82 vurker the Digger (level 4, -7/25 HPs)
             Began as a Gargoyle Earth Elementalist on May 30, 2019.
             Killed by divine providence
             ... invoked by an orc priest
              (13 damage)
             ... on level 2 of the Dungeon.
             The game lasted 00:07:18 (1754 turns).

vurker the Digger (Gargoyle Earth Elementalist)     Turns: 1754, Time: 00:07:18

Health: -7/25      AC:  6    Str: 12    XL:     4   Next: 43%
Magic:  1/7        EV: 11    Int: 16    God:
Gold:   119        SH:  0    Dex: 10    Spells: 2/8 levels left

rFire    . . .     SeeInvis .   a - +0 hunting sling
rCold    . . .     Gourm    .   (no shield)
rNeg     + . .     Faith    .   g - +0 leather armour
rPois    ∞         Spirit   .   (no helmet)
rElec    +         Reflect  .   (no cloak)
rCorr    .         Harm     .   (no gloves)
MR       .....                  (no boots)
Stlth    ++........             (no amulet)
HPRegen  0.08/turn              (no ring)
MPRegen  0.10/turn              (no ring)

@: very slightly contaminated
A: negative energy resistance 1, electricity resistance, unbreathing,
petrification resistance, rot immunity, AC +3
a: no special abilities


You were on level 2 of the Dungeon.
You were not hungry.

You visited 1 branch of the dungeon, and saw 2 of its levels.

You collected 119 gold pieces.

Inventory:

Hand Weapons
 a - a +0 hunting sling (weapon)
   (You found it on level 1 of the Dungeon)
 b - a +1 short sword of draining
   (You took it off a kobold on level 1 of the Dungeon)
Missiles
 f - 6 sling bullets (quivered)
 j - 55 stones
Armour
 c - a +0 robe
 g - a +0 leather armour (worn)
   (You found it on level 2 of the Dungeon)
Scrolls
 d - 2 scrolls of identify {unknown}
 h - a scroll of magic mapping {unknown}
 l - a scroll of teleportation {unknown}
 m - a scroll of immolation {unknown}
Potions
 i - a potion of brilliance {unknown}
 k - a potion of might {unknown}
Comestibles
 e - 7 rations {!d}
 n - 3 chunks of flesh


   Skills:
 + Level 1.6 Fighting
 - Level 1.5 Dodging
 - Level 2.1 Stealth
 + Level 2.5 Spellcasting
 + Level 1.4 Transmutations
 * Level 4.9 Earth Magic


You had 2 spell levels left.
You knew the following spells:

 Your Spells              Type           Power        Failure   Level  Hunger
a - Sandblast             Erth           ###...       3%          1    #......
q - Passwall              Tmut/Erth      ##......     11%         2    ##.....
x - Stone Arrow           Conj/Erth      #.....       26%         3    ###....

Your spell library contained the following spells:

 Spells                   Type           Power        Failure   Level  Hunger
 Petrify                  Tmut/Erth      ##......     56%         4    #####..
 Lee's Rapid Deconstruct  Erth           ###.......   67%         5    ######.


Dungeon Overview and Level Annotations

Branches:
Dungeon (2/15)

Altars:


Innate Abilities, Weirdness & Mutations

You are resistant to torment.
Your stone body is resilient. (AC +3)
You are immune to poison.
You resist negative energy. (rN+)
You are resistant to electric shocks. (rElec)
You can survive without breathing.
You are immune to petrification.
You are immune to rotting.


Message History

The sling bullet hits the giant cockroach!
You kill the giant cockroach!
Found a ration.
f - 9 sling bullets (gained 1)
e - 7 rations {!d} (gained 1)
The orc is too close now for your liking.
Firing (i - inventory. (/) - cycle)
f - 9 sling bullets (quivered)
Aim: an orc You shoot a sling bullet.
The sling bullet hits the orc.
The orc throws a boomerang.
The boomerang hits you.
The weapon returns to the orc!
The orc throws a boomerang.
The boomerang barely misses you.
The weapon returns to the orc!
Firing (i - inventory. (/) - cycle)
f - 8 sling bullets (quivered)
Aim: an orc (severely wounded)
You shoot a sling bullet. The sling bullet barely misses the orc.
The orc throws a boomerang.
The boomerang hits you but does no damage.
The weapon returns to the orc!
Firing (i - inventory. (/) - cycle)
f - 7 sling bullets (quivered)
Aim: an orc (severely wounded)
You shoot a sling bullet. The sling bullet hits the orc!
You kill the orc!
No target in view!
No target in view!
No target in view!
The orc priest shouts!
The orc priest calls down the wrath of Beogh upon you.
Beogh smites you!
* * * LOW HITPOINT WARNING * * *
The orc wizard shouts!
Aim: an orc priest, wielding a +0 mace and wearing a +0 leather armour The stone arrow misses the orc priest.
Aim: an orc priest, wielding a +0 mace and wearing a +0 leather armour You miscast Stone Arrow.
You are very lightly contaminated with residual magic.
Motes of dust swirl before your eyes.
The orc wizard points at you and mumbles some strange words.
The puff of flame hits you.
* * * LOW HITPOINT WARNING * * *
Aim: an orc priest, wielding a +0 mace and wearing a +0 leather armour The blast of sand hits the orc priest.
j - 55 stones The orc priest hits you but does no damage.
The orc wizard mumbles some strange words.
The orc wizard flickers and vanishes!
Deactivating autopickup; reactivate with Ctrl-A.
The orc priest invokes the aid of Beogh against you.
Beogh smites you!
Ouch! That really hurt!
You die...

#.......## #.......## ##########
###### ######## ##########....#
#.......
#.............#####.######
+.............+...........
#####.............#####.####.#
#.$.......o..@...)#####.####.#
.....................'........#.#
....(##########......#####.......
..(..# ###.#### #####.#.# .....#
#.# #........ .....# #.#
#......## .....# #.# #.#
#.......# .....# #.# #.#
#.....#.# ...# #.###.###.....#.#


You could see an orc priest.

Vanquished Creatures
  A hound (D:2)
  An adder (D:2)
  A dart slug (D:1)
  An orc (D:2)
  A ball python (D:1)
  4 giant cockroaches
  A goblin (D:1)
  5 hobgoblins
  3 jackals
  8 kobolds
  3 bats (D:1)
  3 frilled lizards
  9 rats
41 creatures vanquished.

Notes
Turn   | Place    | Note
-------+----------+-------------------------------------------
     0 | D:1      | vurker the Gargoyle Earth Elementalist began the quest for
                  | the Orb.
     0 | D:1      | Reached XP level 1. HP: 10/10 MP: 3/3
   205 | D:1      | Reached XP level 2. HP: 16/16 MP: 3/5
   211 | D:1      | Learned a level 2 spell: Passwall
   259 | D:1      | Reached skill level 4 in Earth Magic
   583 | D:1      | Reached skill level 1 in Fighting
   583 | D:1      | Reached skill level 1 in Transmutations
   605 | D:1      | Reached XP level 3. HP: 19/20 MP: 4/6
  1077 | D:2      | Learned a level 3 spell: Stone Arrow
  1180 | D:2      | Reached XP level 4. HP: 25/25 MP: 0/7
  1754 | D:2      | Killed from afar by an orc priest

Levels and vault maps discovered:
D:1:      evilmike_arrival_rings, layout_loops_corners
D:2:      layout_basic, minitemple, uniq_sigmund

Skill      XL: |  1  2 |
---------------+-------+-----
Earth Magic    | 4 |  4.9
Fighting       | 1 |  1.6
Transmutations | 1 |  1.4
Dodging        | |  1.5
Stealth        | |  2.1
Spellcasting   | |  2.5

Action                   |  1- 3 |  4- 6 || total
-------------------------+-------+-------++-------
Melee: Short sword       |     3 |     7 ||    10
 Fire: Hunting sling     |    49 |    17 ||    66
 Cast: Sandblast         |     9 |     6 ||    15
       Stone Arrow       |     1 |     2 ||     3
  Eat: Chunk             |       |     3 ||     3
Armor: Robe              |     3 |       ||     3
       Leather armour    |       |    11 ||    11
Dodge: Dodged            |     5 |    22 ||    27

Table legend:
 A = Non-vault XP
 B = Vault XP
 C = Vault XP percentage of total XP
 D = Non-vault monster count
 E = Vault monster count
 F = Vault count percentage of total count
                 A         B        C        D         E       F
            +---------+---------+-------+---------+---------+-------
      Total |     118 |       0 |   0.0 |      41 |       0 |   0.0
            +---------+---------+-------+---------+---------+-------
        D:1 |      44 |       0 |   0.0 |      28 |       0 |   0.0
        D:2 |      74 |       0 |   0.0 |      13 |       0 |   0.0
            +---------+---------+-------+---------+---------+-------
